cohdb
Replays
Latest Replays
All Replays
Popular Replays
Top Player Replays
Match Explorer
How It Works
Community
CoH3 Stats
Reddit
Sign in to upload your games and track your stats! →
Sign in with Steam
Match 45293928
Unlisted
Match 45293928
Overview
Messages
Build Orders
End
Vickers Machine Gun Team
Selects Canadian Shock Battlegroup
Royal Engineer Section
Construct Section Command Post
Dingo Light Scout Car
Selects Attacking Spirit
Selects Canadian Shock Section
Canadian Shock Section
Construct Platoon Command Post
Selects Incendiary Munitions
Canadian Shock Section
Infantry Training
Construct Company Command Post
Canadian Shock Section
Core/DeathCore
Sparkle
Mo-J
Wheeler
Uberlicious
Concussion I
ceremoney
U.Der
0
0
Comments
sign in to comment!
No comments posted yet!